 Dungeon Crawl Stone Soup version 0.21.1-1-g345015fe64 (webtiles) character file.

40 Ivernyr the Charmwright (level 3, -4/28 HPs)
             Began as a Human Skald on Apr 22, 2018.
             Killed from afar by Terence (7 damage)
             ... with a wand of flame (29)
             ... on level 2 of the Dungeon.
             The game lasted 00:06:12 (1641 turns).

Ivernyr the Charmwright (Human Skald)               Turns: 1641, Time: 00:06:12

Health: -4/28      AC:  4    Str: 11    XL:     3   Next: 72%
Magic:  1/6        EV: 12    Int: 13    God:
Gold:   107        SH:  0    Dex: 13    Spells: 1/6 levels left

rFire    . . .     SeeInvis .   a - +0 falchion
rCold    . . .     Gourm    .   (no shield)
rNeg     . . .     Faith    .   b - +0 leather armour
rPois    .         Spirit   .   (no helmet)
rElec    .         Reflect  .   l - scarf {repulsion}
rCorr    .         Harm     .   i - +0 pair of gloves
MR       .....                  (no boots)
Stlth    +.........             (no amulet)
HPRegen  0.09/turn              (no ring)
MPRegen  0.10/turn              (no ring)

@: repel missiles
A: no striking features
a: no special abilities


You were on level 2 of the Dungeon.
You were hungry.

You visited 1 branch of the dungeon, and saw 2 of its levels.

You collected 107 gold pieces.

Inventory:

Hand Weapons
 a - a +0 falchion (weapon)
Armour
 b - a +0 leather armour (worn)
 i - a +0 pair of gloves (worn)
 l - a scarf of repulsion (worn)
Scrolls
 e - a scroll of magic mapping {unknown}
 f - a scroll of identify {unknown}
 g - a scroll of amnesia {unknown}
 j - a scroll of fear {unknown}
Potions
 h - a potion of mutation {unknown}
 k - a potion of curing {unknown}
Books
 c - a book of Battle

   Spells                             Type                      Level
   a - Infusion                       Charms                       1
   b - Shroud of Golubria             Charms/Translocation         2
   c - Song of Slaying                Charms                       2
   d - Spectral Weapon                Hexes/Charms                 3
   e - Regeneration                   Charms/Necromancy            3
Comestibles
 d - 5 rations


   Skills:
 + Level 2.4 Fighting
 + Level 2.4 Long Blades
 * Level 2.1 Armour
 - Level 2.0 Dodging
 - Level 2.0 Spellcasting
 + Level 3.3 Charms


You had one spell level left.
You knew the following spells:

 Your Spells              Type           Power        Failure   Level  Hunger
a - Shroud of Golubria    Chrm/Tloc      #.........   26%         2    ###....
b - Song of Slaying       Chrm           #.......     13%         2    ###....
c - Infusion              Chrm           #...         9%          1    ##.....


Dungeon Overview and Level Annotations

Branches:
Dungeon (2/15)

Altars:

Annotations:
D:2 Terence


Message History

Your shroud falls apart!
You hit Terence but do no damage.
Terence is heavily wounded.
Terence zaps a wand.
The puff of flame is repelled.
Terence zaps a wand.
The puff of flame hits you!
* * * LOW HITPOINT WARNING * * *
You hit Terence.
Terence is heavily wounded.
Terence barely misses you.
You riposte.
You hit Terence but do no damage.
Terence is heavily wounded.
You hit Terence.
Terence is severely wounded.
Your magical infusion is running out.
Terence hits you but does no damage.
You hit Terence.
Terence is almost dead.
Terence hits you but does no damage.
You are no longer magically infusing your attacks.
Terence zaps a wand.
The puff of flame hits you!
You die...

#####......(..#
........####..#
......).####..#
#######.##....# #..#....#
#..#....# #..###..####
############...#......# #
#.....g@.@............#
.##.##........)#........#
....#g##########.......#
#..#.# #.##.####
#####?.#.# #.##.#
#...g..gg# #..#.#
#.$......# ##.#.#
#........# #.#.#
#........# #######...#


You could see Terence and 2 goblins.

Vanquished Creatures
  A worm (D:2)
  A dart slug (D:1)
  2 leopard geckos
  2 giant cockroaches (D:1)
  5 goblins (D:1)
  6 hobgoblins
  3 jackals (D:1)
  A ball python (D:1)
  4 bats
  2 frilled lizards (D:1)
  2 kobolds (D:1)
  2 rats
31 creatures vanquished.

Notes
Turn   | Place    | Note
-------+----------+-------------------------------------------
     0 | D:1      | Ivernyr the Human Skald began the quest for the Orb.
     0 | D:1      | Reached XP level 1. HP: 16/16 MP: 3/3
   204 | D:1      | Reached XP level 2. HP: 22/22 MP: 5/5
   209 | D:1      | Learned a level 2 spell: Song of Slaying
   212 | D:1      | Learned a level 2 spell: Shroud of Golubria
   876 | D:1      | Reached XP level 3. HP: 23/27 MP: 6/6
  1619 | D:2      | Noticed Terence
  1641 | D:2      | Killed from afar by Terence

Skill      XL: |  1  2  3 |
---------------+----------+-----
Armour         | 2 |  2.1
Fighting       | |  2.4
Long Blades    | |  2.4
Dodging        | |  2.0
Spellcasting   | |  2.0
Charms         | |  3.3

Action                   || total
-------------------------++-------
Melee: Falchion          ||   123
 Cast: Infusion          ||     2
       Shroud of Golubri ||     3
       Song of Slaying   ||     1
  Eat: Chunk             ||     2
Armor: Leather armour    ||    32
Dodge: Dodged            ||    78
       Deflected         ||     2
       Rpst.: Falchion   ||    26
